 Dungeon Crawl Stone Soup version 0.31-a0-640-g39d97e502b (webtiles) character file.

Game seed: 14574325984419296459

144 Ekaitz the Sneak (level 5, -7/25 HPs)
             Began as a Vine Stalker Enchanter on Aug 28, 2023.
             Mangled by Menkaure (15 damage)
             ... on level 3 of the Dungeon.
             The game lasted 00:07:48 (2952 turns).

Ekaitz the Sneak (Vine Stalker Enchanter)           Turns: 2952, Time: 00:07:48

Health: -7/25      AC:  5    Str: 10    XL:     5   Next: 26%
Magic:  0/9        EV: 12    Int: 17    God:
Gold:   114        SH:  5    Dex: 15    Spells: 4/9 levels left

rFire   . . .        a - +1 dagger
rCold   . . .        (no shield)
rNeg    . . .        q - +0 robe of the Harvest Moon {Archmagi}
rPois   .            r - +2 helmet
rElec   .            (no cloak)
rCorr   .            (no gloves)
SInv    .            (no boots)
Will    .....        p - amulet of reflection
Stlth   +++          (no ring)
HPRegen 1.04/turn    (no ring)
MPRegen 0.11/turn

%: reflection, guardian spirit, archmagi
@: confusing by touch, very slightly contaminated, slowed, very slow
A: fangs 2, regeneration 1, magic shield, antimagic bite, no potion heal 2
a: no special abilities


You were on level 3 of the Dungeon.
You visited 1 branch of the dungeon, and saw 4 of its levels.

You collected 216 gold pieces.
You spent 102 gold pieces at shops.

Inventory:

Hand Weapons
 a - a +1 dagger (weapon)
 n - the +1 falchion "Earthworm" {drain, *Noise Will+++ Int+3}
   (You took it off a kobold on level 2 of the Dungeon)

   Int+3:     It affects your intelligence (+3).
   Will+++:   It greatly increases your willpower.
   *Noise:    It may make a loud noise when swung.
 v - a +2 short sword of holy wrath
Missiles
 f - 5 boomerangs
 s - 6 curare-tipped darts
Armour
 q - the +0 robe of the Harvest Moon (worn) {Archmagi}
   (You bought it in a shop on level 2 of the Dungeon)

   Archmagi:  It increases the power of your magical spells.
 r - a +2 helmet (worn)
Jewellery
 p - an amulet of reflection (around neck)
Scrolls
 d - a scroll of immolation {unknown}
 e - 2 scrolls of fear {unknown}
 g - a scroll of vulnerability {unknown}
 i - a scroll of amnesia {unknown}
 j - 2 scrolls of teleportation {unknown}
 o - a scroll of identify {unknown}
 t - a scroll of enchant weapon {unknown}
 u - a scroll of noise {unknown}
Potions
 b - a potion of resistance {unknown}
 c - 2 potions of invisibility
 h - 2 potions of haste {unknown}
 k - a potion of heal wounds {unknown}
 l - 2 potions of attraction {unknown}
 m - a potion of ambrosia {unknown}


   Skills:
 * Level 1.2 Fighting
 + Level 1.6 Short Blades
 * Level 0.6 Throwing
 + Level 1.9 Dodging
 + Level 4.9 Stealth
 + Level 2.5 Spellcasting
 * Level 3.6 Hexes
 * Level 1.2 Ice Magic


You had 4 spell levels left.
You knew the following spells:

 Your Spells              Type           Power      Damage    Failure   Level
a - Ensorcelled Hibernat  Hex/Ice        30%        N/A       11%         2
b - Confusing Touch       Hex            21%        N/A       12%         3

Your spell library contained the following spells:

 Spells                   Type           Power      Damage    Failure   Level
 Tukima's Dance           Hex            21%        N/A       12%         3
 Dazzling Flash           Conj/Hex       24%        N/A       26%         3
 Haunt                    Necr/Summ      1%         N/A       100%        7
 Borgnjor's Revivificati  Necr           1%         N/A       100%        8
 Chain Lightning          Conj/Air       1%         3d2       100%        9
 Death's Door             Necr           1%         N/A       100%        9
 Fire Storm               Conj/Fire      1%         8d1       100%        9
 Shatter                  Erth           1%         3d6*      100%        9


Dungeon Overview and Level Annotations

Branches:
Dungeon (4/15)
 Temple: D:4-7

Altars:
Gozag
Hepliaklqana
Xom

Shops:
D:1 ?   D:2 [

Annotations:
D:3 Menkaure
D:4 Grinder, Sigmund


Innate Abilities, Weirdness & Mutations

You have extremely sharp teeth.
Your natural rate of healing is unusually fast.
When hurt, damage is shared between your health and your magic reserves.
Your bite disrupts and absorbs the magic of your enemies.
Potions cannot restore your health.


Message History

There is a stone staircase leading down here.
Casting: Ensorcelled Hibernation (safe; 11% risk of failure)
Confirm with . or Enter, or press ? or * to list all spells.
Aiming: Ensorcelled Hibernation (safe; 11% risk of failure)
Press: ? - help, Shift-Dir - straight line, f - jackal
Aim: a jackal (chance to affect: 66%)
You feel a surge of power!
The jackal looks drowsy...
The helpless jackal fails to defend itself.
You impale the jackal!!
You kill the jackal!
Okay, then.
Magic restored.
You see here a +0 robe.
There is a stone staircase leading up here.
There is a stone staircase leading down here.
You climb downwards.
Level annotation: Grinder, Sigmund Menkaure shouts!
Found a robe, a long sword and 2 stones.
Found a stone staircase leading down.
There is a stone staircase leading up here.
Menkaure mumbles some strange words.
Menkaure seems to speed up.
You climb upwards.
There is a stone staircase leading down here.
Casting: Ensorcelled Hibernation (safe; 11% risk of failure)
Confirm with . or Enter, or press ? or * to list all spells.
You feel a surge of power!
You miscast Confusing Touch.
You are very lightly contaminated with residual magic.
You feel a bit tired.
You feel yourself slow down. Menkaure barely misses you.
Casting: Confusing Touch (quite dangerous; 12% risk of failure)
Confirm with . or Enter, or press ? or * to list all spells.
You feel a surge of power!
Your hands begin to glow red.
Menkaure closely misses you. Menkaure hits you!!
Ouch! That really hurt!
* * * LOW HITPOINT WARNING * * *
Unknown command.
You barely miss Menkaure. Menkaure hits you!
Ouch! That really hurt!
You die...

#.### #.......#..#..###..##.#
#...# ####.......#).....(...##.#
#.#.###..........#..#......###.#
..........#.#....#..#.#....#.#.#
............#....#..##8.8##.##.#
.♣♣♣♣♣♣♣..#.#....#..####...#.#.#
.♣♣♣♣♣♣♣..#.#....#..# #..###.#.#
.♣♣.......#.#..M<#..# ##.##.##.#
.♣♣.......#.#...@#..######.###.#
.♣♣..≈≈≈≈.#.#....#.............#
.♣♣..≈......####.#.#.##..#######
.♣♣..≈._....# #.#.#....##
.....≈....#.# #.#.#.####
..........#.# #.#)#.#
#######.###.####.#.#.#
#.....#....#)#.#
#####.#.####.#.#


You could see Menkaure (fast).

Vanquished Creatures
  An orc wizard (D:3)
  Robin (D:2)
  An adder (D:2)
  3 dart slugs
  9 orcs (D:3)
  2 endoplasms (D:1)
  3 giant cockroaches (D:1)
  8 hobgoblins
  6 jackals
  6 quokkas
  4 ball pythons
  5 bats
  5 frilled lizards
  14 goblins
  2 kobolds (D:2)
  7 rats
77 creatures vanquished.

Notes
Turn   | Place    | Note
-------+----------+-------------------------------------------
     0 | D:1      | Ekaitz the Vine Stalker Enchanter began the quest for the
                  | Orb.
     0 | D:1      | Reached XP level 1. HP: 9/9 MP: 4/4
    15 | D:1      | Found Moromam's Magic Scroll Shop.
   210 | D:1      | Reached skill level 4 in Stealth
   210 | D:1      | Reached XP level 2. HP: 13/13 MP: 6/6
   213 | D:1      | Learned a level 2 spell: Ensorcelled Hibernation
   588 | D:1      | Found a faded altar of an unknown god.
   612 | D:1      | Reached XP level 3. HP: 14/17 MP: 3/7
   616 | D:1      | Learned a level 3 spell: Confusing Touch
   973 | D:2      | Found a hazy altar of Hepliaklqana.
   973 | D:2      | Identified the +1 falchion "Earthworm" {drain, *Noise
                  | Will+++ Int+3}
  1077 | D:2      | Reached skill level 1 in Short Blades
  1293 | D:2      | Found Rasyleg's Antique Armour Shop.
  1302 | D:2      | Bought a warped robe for 102 gold pieces
  1302 | D:2      | Identified the +0 robe of the Harvest Moon {Archmagi} (You
                  | bought it in a shop on level 2 of the Dungeon)
  1410 | D:2      | Gained mutation: Your natural rate of healing is unusually
                  | fast. [Vine Stalker growth]
  1410 | D:2      | Reached XP level 4. HP: 21/21 MP: 8/8
  1626 | D:2      | Noticed Robin
  1631 | D:2      | Reached skill level 1 in Fighting
  1633 | D:2      | Killed Robin
  2054 | D:3      | Found an opulent altar of Gozag.
  2345 | D:3      | Reached skill level 1 in Ice Magic
  2382 | D:3      | Found a shimmering altar of Xom.
  2640 | D:3      | Reached XP level 5. HP: 25/25 MP: 9/9
  2906 | D:4      | Noticed Grinder
  2907 | D:4      | Noticed a phantom
  2908 | D:4      | Noticed Sigmund
  2947 | D:4      | Noticed Menkaure
  2952 | D:3      | Mangled by Menkaure

Illustrated notes

Levels and vault maps discovered:
D:1:      tarquinn_simple_flora_water_f, layout_basic, serial_shops, shop,
          ebering_ecumenical_altar_petrified
D:2:      layout_basic, basic_altar, serial_shops, nicolae_shop_waterfront,
          grunt_decor_fettered, wander_ebering_terrifying_dragon_lair,
          uniq_robin
D:3:      layout_basic, mainiacjoe_overflow_chevrons,
          mainiacjoe_overflow_tiny_flanked, guppyfry_early_orc_mine
D:4:      layout_cave_pools, uniq_grinder, uniq_menkaure, uniq_sigmund

Skill      XL: |  1  2  3  4 |
---------------+-------------+-----
Stealth        | 4 |  4.9
Short Blades   | 1 |  1.6
Fighting       | 1 |  1.2
Ice Magic      | 1 |  1.2
Throwing       | |  0.6
Dodging        | |  1.9
Spellcasting   | |  2.5
Hexes          | |  3.6

Action                     |  1- 3 |  4- 6 || total
---------------------------+-------+-------++-------
  Melee: Dagger            |    95 |    83 ||   178
         Bite              |    19 |    17 ||    36
         Punch             |     1 |     2 ||     3
   Cast: Ensorcelled Hiber |    13 |    14 ||    27
         Confusing Touch   |       |     3 ||     3
   Stab: Sleeping          |    17 |    17 ||    34
 Armour: Robe              |    17 |    18 ||    35
  Dodge: Dodged            |    56 |    33 ||    89
  Block: Other             |       |    15 ||    15
         Reflection        |       |     1 ||     1

Table legend: (Time is in decaauts)
 A = Elapsed time spent in this place.
 B = Non-inter-level travel time spent in this place.
 C = Inter-level travel time spent in this place.
 D = Time resting spent in this place.
 E = Time spent auto-exploring this place.
 F = Levels seen in this place.
 G = Mean time per level.
                   A        B        C        D        E       F      G
               +--------+--------+--------+--------+--------+-----+--------+
         Total |   2943 |   2856 |     87 |     44 |   2185 |   4 |  735.8 |
       Dungeon |   2943 |   2856 |     87 |     44 |   2185 |   4 |  735.8 |
               +--------+--------+--------+--------+--------+-----+--------+

Top non-repeatable levels by time:
     D:2: 1074 daAuts
     D:3: 1010 daAuts
     D:1: 854 daAuts
     D:4: 4 daAuts
